 Dungeon Crawl Stone Soup version 0.28.0-53-g5a82cb258f (webtiles) character file.

Game seed: 17094931560675559048

79 lotum the Ducker (level 4, -1/42 HPs)
             Began as a Troll Wanderer on Aug 4, 2022.
             Was an Initiate of Ru.
             Slain by a scorpion (6 damage)
             ... on level 5 of the Dungeon on Aug 5, 2022.
             The game lasted 00:33:13 (2676 turns).

lotum the Ducker (Troll Wanderer)                   Turns: 2676, Time: 00:33:15

Health: -1/42      AC:  6    Str: 20    XL:     4   Next: 17%
Magic:  3/3        EV: 10    Int:  9    God:    Ru [......]
Gold:   155        SH:  0    Dex: 10    Spells: 3/3 levels left

rFire   . . .      SeeInvis .   a - +0 dagger
rCold   . . .      Faith    .   (no shield)
rNeg    . . .      Spirit   .   d - +2 robe
rPois   .          Reflect  .   (helmet restricted)
rElec   .          Harm     .   (no cloak)
rCorr   .          Rampage  .   (gloves unavailable)
Will    .....                   (boots unavailable)
Stlth   +.........              (no amulet)
HPRegen 0.94/turn               (no ring)
MPRegen 0.08/turn               (no ring)

@: no status effects
A: large, unfitting armour, claws 3, regeneration 1, shaggy fur 1, tough skin 1
a: Renounce Religion, Sacrifice Courage, Sacrifice Nimbleness, Sacrifice
Essence, Reject Sacrifices


You were on level 5 of the Dungeon.
You worshipped Ru.
Ru was noncommittal.
You visited 1 branch of the dungeon, and saw 5 of its levels.

You collected 155 gold pieces.

Inventory:

Hand Weapons
 a - a +0 dagger (weapon)
 i - a +0 dagger
 k - a +0 club
 p - a +0 hunting sling
 s - a +0 hand axe
 v - a +0 hand axe
 y - a +0 falchion
Missiles
 c - 17 poisoned darts
 e - 34 stones (quivered)
 x - 14 arrows
Armour
 d - a +2 robe (worn)
 f - a +1 helmet
 j - a +0 ring mail
 m - a +0 leather armour
 A - a +0 ring mail
 B - a +0 scale mail
Magical Staves
 q - a staff of air
 u - a staff of cold
Scrolls
 g - a scroll of vulnerability {unknown}
 h - a scroll of silence {unknown}
 n - a scroll of blinking {unknown}
 o - 4 scrolls of identify {unknown}
 t - a scroll of fear {unknown}
 w - 3 scrolls of noise {unknown}
Potions
 b - a potion of curing {unknown}
 l - a potion of berserk rage {unknown}
 r - a potion of lignification {unknown}
 z - a potion of attraction {unknown}


   Skills:
 + Level 1.9 Fighting
 + Level 1.2 Short Blades
 + Level 1.0 Throwing
 + Level 3.4 Dodging
 + Level 1.3 Stealth
 + Level 1.0 Invocations
 + Level 1.4 Evocations


You had 3 spell levels left.
You didn't know any spells.
Your spell library contained the following spells:

 Spells                   Type           Power      Damage    Failure   Level
 Portal Projectile        Hex/Tloc       0%         N/A       77%         3
 Blade Hands              Tmut           0%         N/A       100%        5
 Excruciating Wounds      Necr           0%         N/A       100%        5


Dungeon Overview and Level Annotations

Branches:
Dungeon (5/15)
 Temple: D:4-7

Altars:
Cheibriados
Qazlal
Ru

Annotations:
D:4 3 runed translucent doors, JJisdabomb's ghost, amateur DsFi; JOEMAMA2's ghost, amateur DESu; tizbic2's ghost, amateur TeGl


Innate Abilities, Weirdness & Mutations

You are too large for most types of armour.
You have claws for hands.
Your natural rate of healing is unusually fast.
You are covered in fur. (AC +1)
You have tough skin. (AC +1)


Message History

You climb downwards.
The orc warrior shouts!
The hound barks!
Found 25 gold pieces.
There is a stone staircase leading up here.
A vampire comes into view.
An orc comes into view. It is wielding a +0 hand axe.
The orc shouts!
The hound bites you but does no damage. The hound bites you.
You hit the hound.
The hound is lightly wounded.
The hound closely misses you.
You closely miss the hound.
The hound is lightly wounded.
An orc priest comes into view. It is wielding a +0 club.
The hound bites you but does no damage.
You barely miss the hound.
The hound is lightly wounded.
The hound closely misses you.
You hit the hound.
The hound is moderately wounded.
The hound bites you. The hound barely misses you.
You hit the hound.
The hound is heavily wounded.
The scorpion stings you but does no damage.
The hound bites you.
You barely miss the hound.
The hound is heavily wounded.
The hound bites you. The scorpion barely misses you.
The orc priest calls down the wrath of Beogh upon you.
Beogh smites you!
The orc warrior hits you with a +0 long sword.
The hound bites you but does no damage.
You hit the hound.
The hound is severely wounded.
The scorpion closely misses you. The hound bites you but does no damage.
The vampire hits you. The vampire misses you.
The orc warrior hits you with a +0 long sword!
* * * LOW HITPOINT WARNING * * *
The scorpion stings you.
You die...

#########
.........
#........ .
#####........
#.##............
.....o..........
#..........$..
.#....osV.....#
.......o@.......
.$......h.......
..#.......##....
. #........ ...
#######... ..
.... . .....
......


You could see a vampire, an orc warrior, a scorpion, a hound, an orc priest and
an orc.

Vanquished Creatures
  4 adders
  A worm (D:3)
  2 dart slugs
  A ball python (D:1)
  3 endoplasms
  A giant cockroach (D:3)
  A goblin (D:4)
  6 jackals
  A quokka (D:2)
  5 bats
  2 frilled lizards (D:1)
  5 kobolds
  6 rats
38 creatures vanquished.

Notes
Turn   | Place    | Note
-------+----------+-------------------------------------------
     0 | D:1      | lotum the Troll Wanderer began the quest for the Orb.
     0 | D:1      | lotum set off with the following items: a +0 dagger, a
                  | scroll of teleportation, 11 poisoned darts, a +2 robe
     0 | D:1      | Reached XP level 1. HP: 19/19 MP: 0/0
    10 | D:1      | Found a faded altar of an unknown god.
    47 | D:1      | Prayed at the altar of an unknown god.
    47 | D:1      | Became a worshipper of Ru the Awakened
   552 | D:2      | Reached XP level 2. HP: 27/27 MP: 1/1
   635 | D:2      | Found a stormy altar of Qazlal.
   704 | D:2      | Reached skill level 3 in Dodging
   737 | D:2      | Reached XP level 3. HP: 35/35 MP: 2/2
  1399 | D:3      | Reached skill level 1 in Short Blades
  1634 | D:3      | Reached XP level 4. HP: 42/42 MP: 3/3
  1800 | D:4      | Found a snail-covered altar of Cheibriados.
  1863 | D:4      | Found a runed translucent gate.
  1863 | D:4      | Found a runed translucent gate.
  1863 | D:4      | Found a runed translucent gate.
  1866 | D:4      | Noticed JOEMAMA2's ghost (amateur DESu)
  1866 | D:4      | Noticed tizbic2's ghost (amateur TeGl)
  1867 | D:4      | Noticed JJisdabomb's ghost (amateur DsFi)
  2667 | D:5      | Entered Level 5 of the Dungeon
  2667 | D:5      | Noticed an orc warrior
  2667 | D:5      | Noticed a scorpion
  2668 | D:5      | Noticed a vampire
  2676 | D:5      | Slain by a scorpion

Illustrated notes

Levels and vault maps discovered:
D:1:      heliophobic_arrival_battle_scene, layout_basic,
          shapermc_ecumenical_altar_mp_highgroup
D:2:      layout_rooms, basic_altar
D:3:      layout_loops_cross, minmay_misc_feat_four_crosses,
          kennysheep_generic_room_10
D:4:      layout_rooms, lemuel_doored_altar, gammafunk_ghost_cemetery,
          serial_co_window_serial, co_window_of_opportunity_a,
          co_window_paths_a, co_window_paths_b, co_window_corner_a,
          co_window_of_opportunity_a, co_window_corner_a, co_window_paths_a,
          co_window_corner_a, co_window_corner_a, co_window_unsneaky_path_d,
          co_window_corner_b, co_window_paths_c, co_window_cross_3,
          co_window_unsneaky_path_b, co_window_cross_3,
          co_window_of_opportunity_c, co_window_paths_d, uniq_eustachio,
          uniq_natasha
D:5:      layout_rooms, nicolae_sif_muna_little_library, amcnicky_altar_gilded,
          minmay_temple_entry_junction, nicolae_concentric_dashed_squares_mild

Skill      XL: |  1  2  3 |
---------------+----------+-----
Dodging        | 3 |  3.4
Short Blades   | 1 |  1.2
Fighting       | |  1.9
Throwing       | |  1.0
Stealth        | |  1.3
Invocations    | |  1.0
Evocations     | |  1.4

Action                   |  1- 3 |  4- 6 || total
-------------------------+-------+-------++-------
Melee: Dagger            |   223 |    22 ||   245
       Punch             |     2 |       ||     2
       Hunting sling     |     1 |       ||     1
  Use: Scroll            |     1 |       ||     1
 Stab: Sleeping          |     3 |       ||     3
Armor: Robe              |   119 |     9 ||   128
Dodge: Dodged            |   144 |    14 ||   158
